Map: Blackpink LE

Players

Anthony - Winner!

  • Race: Zerg Zerg
  • League: Diamond
  • Spawn Location: 7:00

Naberius

  • Race: Zerg Zerg
  • League: Master
  • Spawn Location: 1:00

VOD

Have the link to the VOD?

Description

Time

  • Played on: March 12, 2018, 6:22 p.m.
  • Length: 11:23
Show
View Real Time Build Order
Export as new Build Order

Anthony Zerg - Winner!

Build Orders: Hatch First 

Get SALT Encoding   

  12  0:00  Drone  
  13  0:12  Overlord  
  13  0:19  Drone  
  14  0:32  Drone  
  14  0:33  Drone  
  14  0:35  Drone  
  17  0:54  Hatchery  
  17  0:55  Drone  
  17  0:59  Drone  
  18  1:09  Extractor  
  17  1:14  Spawning Pool  
  17  1:17  Drone  
  17  1:20  Drone  
  18  1:28  Drone  
  19  1:39  Overlord  
  19  1:52  Drone  
  20  2:01  Queen  
  20  2:02  Zergling x2  
  20  2:06  Queen  
  20  2:07  Zergling x2  
  26  2:14  Metabolic Boost  
  26  2:15  Drone  
  27  2:17  Drone  
  27  2:22  Drone  
  29  2:28  Drone  
  30  2:36  Queen  
  30  2:41  Queen  
  34  2:56  Hatchery  
  33  3:00  Overlord  
  33  3:03  Drone  
  34  3:07  Drone  
  34  3:08  Drone  
  36  3:18  Queen  
  38  3:21  Queen  
  38  3:26  Overlord  
  40  3:29  Drone  
  40  3:31  Drone  
  42  3:35  Drone  
  43  3:43  Drone  
  43  3:45  Overlord  
  43  3:48  Drone x4  
  49  4:02  Drone  
  49  4:03  Drone x2, Extractor  
  49  4:04  Extractor  
  49  4:06  Zergling x4  
  51  4:11  Zergling x8  
  51  4:16  Zergling x2  
  56  4:30  Drone x2  
  56  4:31  Overlord  
  58  4:32  Overlord  
  58  4:34  Lair  
  58  4:37  Drone x3, Baneling Nest  
  60  4:44  Drone  
  60  4:45  Drone x3  
  64  4:48  Drone x2  
  64  4:51  Drone  
  67  5:03  Overlord  
  67  5:04  Drone x4  
  71  5:11  Evolution Chamber x2  
  71  5:12  Drone x2  
  71  5:13  Drone  
  72  5:15  Drone  
  72  5:20  Drone x2, Extractor  
  75  5:21  Drone  
  75  5:26  Drone  
  75  5:27  Drone x2  
  78  5:37  Zerg Missile Weapons Level 1, Zerg Ground Armor Level 1  
  78  5:38  Drone  
  78  5:39  Hydralisk Den  
  78  5:40  Centrifical Hooks  
  78  5:48  Drone  
  78  5:49  Drone x6  
  85  5:51  Drone  
  85  5:53  Drone  
  85  5:55  Extractor  
  85  5:56  Extractor  
  86  5:57  Drone  
  86  6:14  Hatchery  
  86  6:16  Muscular Augments  
  85  6:24  Drone x2  
  87  6:26  Overlord x3  
  87  6:27  Overlord  
  87  6:32  Zergling x2, Hydralisk  
  90  6:43  Overlord x2  
  90  6:45  Hydralisk  
  90  6:46  Hydralisk x7  
  106  6:48  Zergling x2  
  106  6:53  Hydralisk x2  
  111  6:54  Hydralisk  
  111  6:59  Zergling x6  
  116  7:27  Grooved Spines  
  116  7:45  Hydralisk x4  
  116  7:46  Hydralisk x10  
  144  8:15  Zerg Ground Armor Level 2, Zerg Missile Weapons Level 2  
  144  8:56  Overlord x2  
  144  8:57  Overlord x6  
  136  9:17  Drone  
  136  9:18  Drone  
  136  9:19  Drone, Hydralisk, Infestation Pit  
  136  9:20  Hydralisk x14  
  136  9:21  Hydralisk x5  
  148  9:34  Zergling x8  
  138  9:49  Zergling x2  
  138  9:50  Zergling x18  
  142  9:55  Zergling x4  
  139  10:04  Hydralisk x4  
  139  10:06  Zergling x2  
  138  10:10  Queen  
  138  10:11  Queen  
  141  10:22  Baneling Nest  
  141  10:24  Hydralisk x4  
  141  10:25  Hydralisk x7  
  162  10:34  Hatchery  
  144  10:43  Hydralisk x9  
  162  10:54  Spine Crawler  
  162  10:56  Spine Crawler x2  
  143  10:58  Spine Crawler  
Show
View Real Time Build Order
Export as new Build Order

Naberius Zerg 

Build Orders: Hatch First 

Get SALT Encoding   

  12  0:01  Drone  
  13  0:13  Overlord  
  13  0:17  Drone  
  14  0:31  Drone x2  
  16  0:35  Drone  
  17  0:51  Hatchery  
  17  0:55  Drone  
  17  0:58  Drone  
  18  1:04  Extractor  
  17  1:13  Spawning Pool  
  17  1:16  Drone  
  17  1:20  Drone  
  18  1:28  Drone  
  19  1:39  Overlord  
  19  1:49  Drone  
  20  2:05  Queen x2  
  20  2:06  Zergling x4, Metabolic Boost  
  26  2:12  Drone  
  27  2:19  Drone  
  28  2:25  Drone x2  
  30  2:35  Hatchery  
  29  2:44  Queen  
  29  2:49  Queen  
  33  2:54  Overlord  
  33  3:00  Drone x2  
  33  3:01  Drone  
  33  3:05  Overlord  
  36  3:14  Drone x3  
  36  3:16  Drone  
  36  3:18  Drone  
  41  3:21  Drone  
  41  3:26  Queen  
  44  3:31  Zergling x2  
  44  3:32  Zergling x2  
  44  3:33  Zergling x2  
  47  3:35  Zergling x2  
  48  3:44  Zergling x4  
  50  3:50  Queen  
  50  3:51  Zergling x2  
  50  3:53  Zergling x2  
  50  3:55  Overlord  
  54  3:57  Lair  
  54  4:00  Drone  
  55  4:02  Extractor  
  55  4:03  Extractor  
  55  4:04  Drone x3  
  55  4:06  Drone  
  55  4:08  Drone  
  58  4:13  Drone  
  58  4:16  Drone, Overlord  
  60  4:23  Baneling Nest  
  59  4:32  Drone  
  59  4:33  Drone  
  59  4:34  Overlord  
  59  4:36  Drone x3  
  64  4:45  Overlord  
  64  4:46  Drone  
  64  4:47  Drone x4  
  64  4:51  Drone x2  
  64  4:52  Drone  
  72  4:56  Hydralisk Den  
  72  4:58  Drone  
  72  4:59  Drone  
  73  5:05  Drone x4  
  77  5:09  Drone  
  77  5:10  Drone, Extractor  
  77  5:11  Drone  
  77  5:12  Drone  
  80  5:21  Evolution Chamber x2  
  79  5:23  Drone x2  
  79  5:25  Drone, Extractor  
  79  5:26  Overlord  
  79  5:28  Drone x3  
  82  5:32  Muscular Augments  
  82  5:35  Centrifical Hooks  
  83  5:43  Overlord  
  83  5:52  Drone x3, Extractor  
  83  5:53  Drone, Hydralisk  
  83  5:54  Hydralisk x3  
  83  5:57  Overlord  
  94  5:59  Overlord  
  94  6:04  Zerg Melee Weapons Level 1, Zerg Ground Armor Level 1  
  94  6:08  Hydralisk  
  94  6:09  Hydralisk  
  98  6:11  Overlord  
  98  6:13  Overlord  
  98  6:23  Hydralisk  
  98  6:24  Hydralisk  
  102  6:27  Hydralisk  
  102  6:30  Hydralisk  
  102  6:31  Hydralisk  
  108  6:33  Hydralisk  
  108  6:36  Hatchery, Hydralisk  
  108  6:38  Hydralisk  
  113  6:44  Grooved Spines  
  113  6:46  Hydralisk x2  
  117  6:48  Hydralisk  
  117  6:50  Hydralisk  
  117  6:54  Hydralisk  
  121  6:55  Hydralisk  
  121  6:58  Zergling x4  
  121  6:59  Zergling x2  
  121  7:00  Zergling x2  
  129  7:09  Drone x2  
  129  7:10  Drone  
  132  7:18  Overlord x3  
  132  7:26  Hydralisk x2  
  132  7:28  Overlord  
  132  7:29  Overlord x2  
  136  7:38  Hydralisk x7  
  136  7:43  Drone  
  151  7:44  Infestation Pit  
  150  7:53  Drone x2  
  150  7:54  Drone x6  
  158  8:01  Zerg Melee Weapons Level 2  
  158  8:02  Zerg Ground Armor Level 2  
  158  8:03  Hydralisk  
  158  8:04  Hydralisk  
  162  8:17  Drone x5  
  162  8:18  Drone x3  
  162  8:19  Overlord x2  
  170  8:21  Hive  
  170  8:29  Hydralisk x3, Overlord  
  170  8:30  Hydralisk  
  178  8:43  Hydralisk x6  
  178  8:44  Hydralisk  
  178  8:47  Overlord  
  192  8:52  Zergling x4  
  192  8:53  Zergling x12  
  200  9:00  Extractor x2  
  200  9:01  Queen  
  162  9:25  Zergling x2  
  162  9:26  Zergling x38  
  171  9:33  Spire  
  171  9:34  Adrenal Glands  
  169  9:39  Hydralisk x4  
  145  9:58  Zergling x10  
  145  9:59  Zergling x8  
  120  10:07  Hydralisk x4  
  120  10:13  Hydralisk x6  
  138  10:20  Zergling x4  
  140  10:27  Hydralisk x2  
  144  10:34  Hydralisk x4  
  150  10:37  Hydralisk x5  
  144  10:44  Hydralisk  
  144  10:45  Hydralisk x4  
  139  10:51  Zergling x4  
  139  10:52  Zergling x2  
  139  10:56  Hydralisk x2  
Tags
 
Add a new tag
Caveats
  • Supply blocks, unpowered buildings, or Contaminate may cause inaccurate times.
  • Supply counts are checked every 10 seconds.